AoeStats
← MooseMooch

Arabia

509261930Analyzed
1v1 RM · 5d ago on Sep 26, 2026· 14m 56s· 2 players
Game mode
Random Map
Map size
Tiny (2 player)
Population
200
Speed
Normal
Resources
Standard
Victory
Conquest
Starting age
Dark Age
Ending age
Imperial Age
RankedLock teamsTeams togetherTeam positionsShared explorationLock speedFull tech treeHidden civsTurbo modeCheats
Victory
Defeat
🇧🇷 Mongols · Brazil
1280
+16
🇩🇪 Portuguese · Germany
1270
-16
MooseMooch
7:06 Loom
9:32 Feudal Age
10:06 Double-Bit Axe
14:39 Fletching
CapoT
7:57 Loom
10:32 Feudal Age
11:40 Double-Bit Axe
13:53 Fletching
Connection lost

Rejoining the realm…

Still unreachable

The connection could not be restored.

Session expired

The server has moved on; the page needs a fresh start.